 Dungeon Crawl Stone Soup version 0.27-a0-1137-g3ef0f4ec91 (webtiles) character file.

Game seed: 7555205722362575928

67 kae the Skirmisher (level 3, -4/29 HPs)
             Began as a Demonspawn Abyssal Knight on May 6, 2021.
             Was a Believer of Lugonu.
             Slain by Sigmund
             ... wielding a +0 scythe
              (12 damage)
             ... on level 2 of the Dungeon.
             The game lasted 00:01:00 (1551 turns).

kae the Skirmisher (Demonspawn Abyssal Knight)      Turns: 1551, Time: 00:01:01

Health: -4/29      AC:  5    Str: 13    XL:     3   Next: 98%
Magic:  5/5        EV: 10    Int: 13    God:    Lugonu [**....]
Gold:   49         SH:  0    Dex: 12    Spells: 2/2 levels left

rFire    . . .     SeeInvis .   a - +1 falchion
rCold    . . .     Faith    .   (no shield)
rNeg     . . .     Spirit   .   c - +0 ring mail
rPois    .         Reflect  .   (no helmet)
rElec    .         Harm     .   (no cloak)
rCorr    .         Rampage  .   (no gloves)
Will     .....                  (no boots)
Stlth    ..........             (no amulet)
HPRegen  0.09/turn              (no ring)
MPRegen  0.09/turn              (no ring)

@: confused
A: hooves 1, powered by pain 1
a: Renounce Religion, Depart the Abyss, Bend Space


You were on level 2 of the Dungeon.
You worshipped Lugonu.
Lugonu was pleased with you.
You visited 1 branch of the dungeon, and saw 2 of its levels.
You visited the Abyss 1 time.

You collected 49 gold pieces.

Inventory:

Hand Weapons
 a - a +1 falchion (weapon)
Armour
 b - a +0 leather armour
 c - a +0 ring mail (worn)
Potions
 e - 2 potions of heal wounds
 f - a potion of ambrosia {unknown}


   Skills:
 - Level 3.2 Fighting
 + Level 3.1 Long Blades
 - Level 2.1 Armour
 - Level 1.2 Dodging
 - Level 2.8 Invocations


You had 2 spell levels left.
You didn't know any spells.
Your spell library contained the following spells:

 Spells                   Type           Power      Damage    Failure   Level
 Animate Skeleton         Necr           0%         N/A       54%         1
 Apportation              Tloc           0%         N/A       54%         1
 Corona                   Hex            0%         N/A       54%         1
 Summon Small Mammal      Summ           0%         N/A       54%         1


Dungeon Overview and Level Annotations

Branches:
Dungeon (2/15)

Altars:

Annotations:
D:2 Sigmund


Innate Abilities, Weirdness & Mutations

You have large cloven feet.
You sometimes gain a little power by taking damage.


Message History

You kill the worm!
Lugonu accepts your kill.
HP restored.
You see here a worm corpse.
A goblin and a gnoll come into view.
The goblin is wielding a +1 dagger of holy wrath.
The gnoll shouts!
The goblin shouts!
A gnoll comes into view. It is wielding a +0 spear.
The gnoll shouts!
There are monsters nearby!
There are monsters nearby!
A gnoll comes into view. It is wielding a +0 flail.
The gnoll shouts!
The goblin barely misses you.
You closely miss the goblin. You kick the goblin, but do no damage.
The goblin hits you but does no damage. The gnoll hits you but does no damage.
There are monsters nearby!
The gnoll closely misses you.
Sigmund casts a spell at himself.
Sigmund flickers and vanishes!
Deactivating autopickup; reactivate with Ctrl-A.
As you read the scroll labelled UTOK ZACSOCEP, it crumbles to dust.
It is a scroll of identify.
e - 2 potions of heal wounds You hear some strange, mumbled words.
You are confused.
The goblin closely misses you. The gnoll barely misses you. Something hits you!
The goblin hits you with a +1 dagger of holy wrath.
You convulse.
You bump into the rock wall.
The gnoll hits you but does no damage.
A magic dart appears from out of thin air!
The magic dart hits you.
The goblin hits you with a +1 dagger of holy wrath.
You convulse.
You bump into the rock wall.
The gnoll hits you from afar with a +0 spear.
* * * LOW HITPOINT WARNING * * *
Something hits you!
You die...

.###...............#.#.##..##
...................#.#.##..#
.....................#.##..#
#......#........>.#.#.##..#
#......#..........#.#.###.#
#......#..........#.#.###.##
#...........................
#....#.#gg..####............
#... #.+..g@+...............
#.. ###..g.####..#....(#.#.
#. ####.{†....#.....###. ..
#.####........ #. . #.#
#........ .. #.. ...###### #.
#### ##.# .# .#


You could see 3 gnolls and a goblin.

Vanquished Creatures
  A hound (D:1)
  A worm (D:2)
  2 dart slugs (D:1)
  4 endoplasms
  A giant cockroach (D:2)
  A goblin (D:1)
  4 hobgoblins (D:1)
  4 jackals (D:1)
  2 kobolds (D:1)
  3 quokkas (D:1)
  2 ball pythons (D:1)
  A bat (D:1)
  A frilled lizard (D:1)
  2 rats (D:1)
29 creatures vanquished.

Notes
Turn   | Place    | Note
-------+----------+-------------------------------------------
     0 | Abyss:1  | kae the Demonspawn Abyssal Knight began the quest for the
                  | Orb.
     0 | Abyss:1  | Reached XP level 1. HP: 18/18 MP: 2/2
     0 | Abyss:1  | Found a corrupted altar of Lugonu.
     1 | Abyss:1  | Found a corrupted altar of Lugonu.
    20 | Abyss:1  | Noticed a raiju
    27 | D:1      | Escaped the Abyss
   213 | D:1      | Reached skill level 1 in Dodging
   391 | D:1      | Gained mutation: You have large cloven feet. [demonic
                  | ancestry]
   391 | D:1      | Reached XP level 2. HP: 22/24 MP: 3/3
   639 | D:1      | Reached ** piety under Lugonu
   687 | D:1      | Gained mutation: You sometimes gain a little power by
                  | taking damage. [demonic ancestry]
   687 | D:1      | Reached XP level 3. HP: 28/29 MP: 5/5
   840 | D:1      | Found a faded altar of an unknown god.
  1105 | D:2      | Noticed Sigmund
  1551 | D:2      | Slain by Sigmund

Illustrated notes

Levels and vault maps discovered:
D:1:      eino_arrival_cavern_b, layout_basic,
          shapermc_ecumenical_altar_notcrosses
D:2:      layout_basic, minmay_randomly_rotated_circles, uniq_sigmund,
          uniq_robin

Skill      XL: |  1  2  3 |
---------------+----------+-----
Dodging        | 1 |  1.2
Long Blades    | 2 3 |  3.1
Armour         | 2 |  2.1
Fighting       | |  3.2
Invocations    | |  2.8

Action                   || total
-------------------------++-------
Melee: Falchion          ||    78
       Kick              ||    16
  Use: Potion            ||     1
       Scroll            ||     3
Armor: Ring mail         ||    35
Dodge: Dodged            ||    65
       Rpst.: Falchion   ||    18

Table legend: (Time is in decaauts)
 A = Elapsed time spent in this place.
 B = Non-inter-level travel time spent in this place.
 C = Inter-level travel time spent in this place.
 D = Time resting spent in this place.
 E = Time spent auto-exploring this place.
 F = Levels seen in this place.
 G = Mean time per level.
                   A        B        C        D        E       F      G
               +--------+--------+--------+--------+--------+-----+--------+
         Total |   1570 |   1450 |    120 |    122 |   1086 |   3 |  523.3 |
       Dungeon |   1543 |   1423 |    120 |    122 |   1071 |   2 |  771.5 |
         Abyss |     27 |     27 |      0 |      0 |     15 |   1 |   27.0 |
               +--------+--------+--------+--------+--------+-----+--------+

Top non-repeatable levels by time:
     D:1: 1223 daAuts
     D:2: 319 daAuts
 Abyss:1: 27 daAuts
